 Dungeon Crawl Stone Soup version 0.27-a0-1291-geefcff550b (webtiles) character file.

Game seed: 1981081086536782200

756 thriggle the Shield-Bearer (level 8, -11/61 HPs)
             Began as a Formicid Fighter on June 15, 2021.
             Mangled by an orc warrior (14 damage)
             ... on level 4 of the Dungeon.
             The game lasted 00:16:29 (5328 turns).

thriggle the Shield-Bearer (Formicid Fighter)       Turns: 5328, Time: 00:16:30

Health: -11/61     AC:  7    Str: 22    XL:     8   Next: 7%
Magic:  10/10      EV:  9    Int: 13    God:
Gold:   761        SH: 11    Dex: 12    Spells: 7/7 levels left

rFire    . . .     SeeInvis +   a - +0 long sword (vorpal)
rCold    . . .     Faith    .   c - +1 kite shield
rNeg     + . .     Spirit   .   b - +0 scale mail
rPois    .         Reflect  .   (helmet unavailable)
rElec    .         Harm     .   (no cloak)
rCorr    .         Rampage  .   (no gloves)
Will     .....                  (no boots)
Stlth    +.........             (no amulet)
HPRegen  0.20/turn              j - +6 ring of intelligence
MPRegen  0.12/turn              r - ring of positive energy

@: mighty
A: permanent stasis, dig shafts and tunnels, antennae 3, four strong arms
a: Dig, Shaft Self


You were on level 4 of the Dungeon.
You visited 1 branch of the dungeon, and saw 4 of its levels.
You also visited: Sewer.

You collected 761 gold pieces.

Inventory:

Hand Weapons
 a - a +0 vorpal long sword (weapon)
 e - a +0 hunting sling
Missiles
 f - 47 poisoned darts (quivered)
 g - 2 atropa-tipped darts
 h - 137 stones
 q - 34 sling bullets
 s - 7 boomerangs
Armour
 b - a +0 scale mail (worn)
 c - a +1 kite shield (worn)
 t - a +2 buckler
Jewellery
 j - a +6 ring of intelligence (left hand)
 r - a ring of positive energy (right hand)
Scrolls
 n - 2 scrolls of magic mapping
 o - a scroll of fog
Potions
 d - a potion of might
 i - 2 potions of ambrosia {unknown}
 k - a potion of berserk rage {unknown}
 l - a potion of curing {unknown}
 m - 2 potions of flight
 p - a potion of attraction {unknown}


   Skills:
 + Level 4.5 Fighting
 + Level 3.5 Long Blades
 + Level 2.7 Slings
 - Level 0.2(1.5) Throwing
 + Level 4.6 Armour
 + Level 2.4 Dodging
 + Level 3.6 Stealth
 + Level 5.0 Shields
 + Level 3.1 Invocations


You had 7 spell levels left.
You didn't know any spells.
Your spell library contained the following spells:

 Spells                   Type           Power      Damage    Failure   Level
 Confusing Touch          Hex            0%         N/A       99%         3
 Gell's Gravitas          Tloc           0%         N/A       99%         3
 Petrify                  Tmut/Erth      0%         N/A       100%        4
 Metabolic Englaciation   Hex/Ice        0%         N/A       100%        5
 Yara's Violent Unravell  Hex/Tmut       0%         3d3       100%        5


Dungeon Overview and Level Annotations

Branches:
Dungeon (4/15)              Sewer (visited)
 Temple: D:4-7

Altars:
Hepliaklqana
Kikubaaqudgha
Sif Muna

Shops:
D:3 :


Innate Abilities, Weirdness & Mutations

You cannot be hasted, slowed, berserked, paralysed or teleported.
You can dig through walls and to a lower floor.
You have a pair of large antennae on your head. (SInv)
Your four strong arms can wield two-handed weapons with a shield.


Message History

There is an open door here.
You open the door.
There is an open door here.
There is an open door here.
There is an open door here.
There is an open door here.
You see here a +0 kite shield.
There is an open door here.
You see here a +0 giant club.
There is an open door here.
An orc and an orc warrior come into view.
The orc warrior shouts!
The orc shouts!
An orc comes into view. It is wielding a +0 short sword.
You block the orc warrior's attack.
You hit the orc warrior.
The orc warrior is lightly wounded.
The orc warrior hits you with a +0 long sword.
You block the orc warrior's attack.
You slash the orc warrior!
The orc warrior is heavily wounded.
You block the orc warrior's attack.
You hit the orc warrior but do no damage.
The orc warrior is heavily wounded.
The orc warrior hits you with a +0 long sword!
You hit the orc warrior but do no damage.
The orc warrior is heavily wounded.
The orc warrior hits you with a +0 long sword! x2
* * * LOW HITPOINT WARNING * * *
You hit the orc warrior but do no damage.
The orc warrior is heavily wounded.
The orc warrior hits you with a +0 long sword!
* * * LOW HITPOINT WARNING * * *
Okay, then.
You feel very mighty all of a sudden.
The orc warrior hits you with a +0 long sword!
* * * LOW HITPOINT WARNING * * *
You closely miss the orc warrior.
The orc warrior is heavily wounded.
The orc warrior hits you with a +0 long sword!
You die...

#### ..# #.#
#######.#####
.........@oo#
#######.###.#
#.# #.# #.# #o#
#.# #.# #.# #o#
#.# #.# ### #.#
#.#
..############.#
#.#


You could see an orc warrior and an orc.

Vanquished Creatures
  An ogre (D:4)
  4 kobold brigands (Sewer)
  A howler monkey (D:3)
  A jelly (D:4)
  A hound (D:3)
  Jessica (D:2)
  An iguana (D:4)
  An orc wizard (D:4)
  4 adders
  3 gnolls (D:4)
  A river rat (Sewer)
  An ufetubus (D:4)
  An adder skeleton (D:4)
  5 worms
  3 dart slugs
  5 orcs
  8 ball pythons
  9 endoplasms
  4 giant cockroaches
  4 hobgoblins
  6 jackals (D:2)
  9 kobolds
  7 quokkas
  4 bats (D:3)
  A frilled lizard (D:2)
  9 goblins
  7 rats
102 creatures vanquished.

Vanquished Creatures (others)
  An orc wizard (D:4)
1 creature vanquished.

Grand Total: 103 creatures vanquished

Notes
Turn   | Place    | Note
-------+----------+-------------------------------------------
     0 | D:1      | thriggle the Formicid Fighter began the quest for the Orb.
     0 | D:1      | Reached XP level 1. HP: 18/18 MP: 1/1
    87 | D:1      | Found a faded altar of an unknown god.
   204 | D:1      | Reached XP level 2. HP: 23/24 MP: 2/2
   873 | D:2      | Reached XP level 3. HP: 29/29 MP: 3/3
   901 | D:2      | Reached skill level 1 in Stealth
  1081 | D:2      | Noticed Jessica
  1090 | D:2      | Killed Jessica
  1091 | D:2      | Reached skill level 1 in Dodging
  1091 | D:2      | Reached skill level 1 in Invocations
  1091 | D:2      | Reached XP level 4. HP: 32/35 MP: 4/4
  1528 | D:3      | Identified a scroll of acquirement
  1529 | D:3      | Acquired 566 gold pieces
  1601 | D:3      | Found a glowing drain.
  1700 | Sewer    | Entered a sewer
  1796 | Sewer    | Reached skill level 1 in Slings
  1796 | Sewer    | Reached skill level 4 in Shields
  1929 | Sewer    | Noticed a kobold brigand
  1946 | Sewer    | Killed a kobold brigand
  1947 | Sewer    | Reached XP level 5. HP: 14/42 MP: 6/6
  2329 | Sewer    | Reached XP level 6. HP: 26/48 MP: 7/7
  2806 | Sewer    | Reached XP level 7. HP: 39/54 MP: 8/8
  3043 | D:3      | Found Ymireph's Book Shoppe.
  3466 | D:3      | Found a hazy altar of Hepliaklqana.
  4586 | D:4      | Found an ancient bone altar of Kikubaaqudgha.
  4630 | D:4      | Found a shimmering blue altar of Sif Muna.
  4966 | D:4      | Reached skill level 5 in Shields
  4984 | D:4      | Reached XP level 8. HP: 55/61 MP: 10/10
  5327 | D:4      | HP: 2/61 [orc warrior (8)]
  5328 | D:4      | Mangled by an orc warrior

Illustrated notes

Levels and vault maps discovered:
D:1:      minmay_arrival_hallway, layout_basic,
          chequers_ecumenical_altar_simple_redux
D:2:      layout_loops_ring, uniq_jessica
D:3:      layout_loops_ring, nicolae_overflow_crystal_walls, serial_shops, shop,
          gup_sewer_entry_spiral, serial_aquarium, aquarium_bridge_island_small
          [aquarium_subvault_small_open, aquarium_subvault_bridge,
          aquarium_subvault_window, aquarium_subvault_wall,
          aquarium_subvault_window], aquarium_bridge_square
          [aquarium_subvault_window, aquarium_subvault_bridge,
          aquarium_subvault_window, aquarium_subvault_wall], aquarium_window_1,
          aquarium_window_1, aquarium_window_1, aquarium_window_2,
          aquarium_view_2e, aquarium_balcony_3b, aquarium_pool_1,
          minmay_misc_feat_plants
D:4:      layout_basic, lemuel_tele_altar, kiku_gazebo_pond_becter,
          chequers_decorated_corner

Skill      XL: |  1  2  3  4  5  6  7 |
---------------+----------------------+-----
Stealth        | 1 2 3 |  3.6
Dodging        | 1 2 |  2.4
Invocations    | 1 2 3 |  3.1
Slings         | 1 2 |  2.7
Shields        | 4 5 |  5.0
Armour         | 4 |  4.6
Fighting       | 4 |  4.5
Long Blades    | 3 |  3.5
Throwing       | |  0.2

Action                   |  1- 3 |  4- 6 |  7- 9 || total
-------------------------+-------+-------+-------++-------
Melee: Long sword        |    43 |   116 |   129 ||   288
 Fire: Hunting sling     |       |       |    34 ||    34
Throw: Dart              |    20 |    33 |       ||    53
 Abil: Dig               |       |     1 |     1 ||     2
  Use: Scroll            |       |     9 |     3 ||    12
       Potion            |       |     4 |     2 ||     6
Armor: Scale mail        |    18 |    25 |    39 ||    82
Dodge: Dodged            |    12 |    32 |    47 ||    91
Block: Kite shield       |    19 |    47 |    93 ||   159
       Rpst.: Long sword |     3 |     5 |    17 ||    25

Table legend: (Time is in decaauts)
 A = Elapsed time spent in this place.
 B = Non-inter-level travel time spent in this place.
 C = Inter-level travel time spent in this place.
 D = Time resting spent in this place.
 E = Time spent auto-exploring this place.
 F = Levels seen in this place.
 G = Mean time per level.
                   A        B        C        D        E       F      G
               +--------+--------+--------+--------+--------+-----+--------+
         Total |   5561 |   5290 |    271 |    780 |   2798 |   5 | 1112.2 |
       Dungeon |   4330 |   4059 |    271 |    113 |   2743 |   4 | 1082.5 |
         Sewer |   1231 |   1231 |      0 |    667 |     55 |   1 | 1231.0 |
               +--------+--------+--------+--------+--------+-----+--------+

Top non-repeatable levels by time:
     D:3: 1471 daAuts
   Sewer: 1231 daAuts
     D:4: 1223 daAuts
     D:2: 967 daAuts
     D:1: 667 daAuts
